cohdb
Replays
Latest Replays
All Replays
Popular Replays
Top Player Replays
Match Explorer
How It Works
Community
CoH3 Stats
Reddit
Sign in to upload your games and track your stats! →
Sign in with Steam
Match 43843300
Unlisted
Match 43843300
Overview
Messages
Build Orders
End
Kettenkrad Recon Vehicle
Construct Infanterie Kompanie
Selects Terror Battlegroup
Selects Machine Gun Camouflage
MG 42 Machine Gun Team
Grenadier Squad
MG 42 Machine Gun Team
Infanterie Officer Quarters
Grenadier Squad
Selects Contempt for the Weak
Medical Bunker
Construct Panzergrenadier Kompanie
Panzergrenadier Squad
Pak 40 Anti-tank Gun Team
Panzergrenadier Officer Quarters
Forward Retreat Point
Pioneer Squad
251 Medium Carrier
Construct Panzer Kompanie
Selects No Quarter
Panzer IV Medium Tank
Panzer Officer Quarters
Side Skirts
Pioneer Squad
Forward Retreat Point
Panzer IV Medium Tank
Selects King Tiger Heavy Tank
Faenor
John Stuart Chill
matjouz
Sarmynation
0
0
Comments
sign in to comment!
No comments posted yet!